 Dungeon Crawl Stone Soup version 0.22.1-1-ga44c0e5 (webtiles) character file.

131 MalarOregon the Ruffian (level 4, -2/37 HPs)
             Began as a Minotaur Transmuter on Sept 21, 2018.
             Was an Initiate of Elyvilon.
             Slain by an ogre
             ... wielding a +0 giant club
              (18 damage)
             ... on level 4 of the Dungeon.
             The game lasted 00:04:33 (2068 turns).

MalarOregon the Ruffian (Minotaur Transmuter)       Turns: 2068, Time: 00:04:34

Health: -2/37      AC:  5    Str: 15    XL:     4   Next: 91%
Magic:  4/5        EV: 12    Int: 11    God:    Elyvilon [......]
Gold:   124        SH:  0    Dex: 10    Spells: 0/6 levels left

rFire    . . .     SeeInvis .     - Unarmed
rCold    . . .     Gourm    .   (no shield)
rNeg     . . .     Faith    .   k - +1 robe {MR+}
rPois    .         Spirit   .   (helmet restricted)
rElec    .         Reflect  .   (no cloak)
rCorr    .         Harm     .   g - +1 pair of gloves
MR       +....                  (boots currently unavailable)
Stlth    +.........             (no amulet)
HPRegen  0.12/turn              (no ring)
MPRegen  0.09/turn              (no ring)

@: appendage
A: retaliatory headbutt, horns 2, talons 3
a: End Transformation, Renounce Religion


You were on level 4 of the Dungeon.
You worshipped Elyvilon.
Elyvilon was noncommittal.
You were not hungry.
You had grown temporary talons.
You visited 2 branches of the dungeon, and saw 4 of its levels.

You collected 124 gold pieces.

Inventory:

Missiles
 a - 12 arrows
Armour
 g - a +1 pair of gloves (worn)
   (You found it on level 1 of the Dungeon)
 k - a +1 robe of magic resistance (worn)
   (You took it off Jessica on level 2 of the Dungeon)
Jewellery
 h - an uncursed amulet of the acrobat {unknown}
   (You found it on level 1 of the Dungeon)
 n - a +4 amulet of reflection {unknown}
   (You found it on level 4 of the Dungeon)
Scrolls
 b - a scroll of noise {unknown}
 c - 2 scrolls of identify {unknown}
 l - 2 scrolls of immolation {unknown}
Potions
 d - a potion of agility {unknown}
 f - a potion of flight {unknown}
 i - a potion of haste {unknown}
 j - a potion of mutation {unknown}
Comestibles
 e - 5 rations {!d}
 m - 2 chunks of flesh


   Skills:
 + Level 2.3 Fighting
 + Level 1.9 Armour
 + Level 2.9 Dodging
 * Level 4.2 Unarmed Combat
 + Level 1.9 Spellcasting
 + Level 2.1 Transmutations


You couldn't memorise any spells.
You knew the following spells:

 Your Spells              Type           Power        Failure   Level  Hunger
a - Beastly Appendage     Tmut           #.....       12%         1    ##.....
s - Sticks to Snakes      Tmut           #.......     19%         2    ###....
x - Spider Form           Tmut/Pois      #.........   50%         3    ####...

Your spell library contained the following spells:

 Spells                   Type           Power        Failure   Level  Hunger
 Animate Skeleton         Necr           N/A          30%         1    ##.....
 Apportation              Tloc           #.....       30%         1    ##.....
 Confusing Touch          Hex            #.....       30%         1    ##.....
 Summon Small Mammal      Summ           #...         30%         1    ##.....
 Ice Form                 Ice/Tmut       #.......     88%         4    #####..
 Blade Hands              Tmut           #.........   98%         5    ######.


Dungeon Overview and Level Annotations

Branches:
Dungeon (4/15)             Temple (1/1) D:4

Altars:
Ashenzari
Cheibriados
Dithmenos
Elyvilon
Fedhas
Gozag
Hepliaklqana
Okawaru
Qazlal
Sif Muna
Uskayaw
Vehumet
Wu Jian
Xom
Zin

Shops:
D:2 *

Annotations:
D:2 2 transporters


Innate Abilities, Weirdness & Mutations

You reflexively headbutt those who attack you in melee.
You have a pair of horns on your head.
You have claws for feet.


Message History

Your talons disappear.
Eating one of 3 chunks of flesh.
You eat one of the 3 chunks of flesh.
Found a plate armour.
n - a small golden amulet You pick up a book of Cantrips and begin reading...
You add the spells Confusing Touch, Animate Skeleton, Summon Small Mammal and You see here a leather armour.
A howler monkey skeleton comes into view.
A howler monkey skeleton is nearby!
A howler monkey skeleton is nearby!
Your feet morph into talons.
You hit the howler monkey skeleton.
The howler monkey skeleton hits you but does no damage.
You barely miss the howler monkey skeleton.
Your kick misses the howler monkey skeleton.
The howler monkey skeleton hits you but does no damage.
You hit the howler monkey skeleton.
The howler monkey skeleton hits you but does no damage.
You hit the howler monkey skeleton.
You claw the howler monkey skeleton, but do no damage.
You headbutt the howler monkey skeleton.
Your transformation is almost over.
The howler monkey skeleton closely misses you.
You hit the howler monkey skeleton but do no damage.
You headbutt the howler monkey skeleton!
The howler monkey skeleton barely misses you.
You hit the howler monkey skeleton.
You destroy the howler monkey skeleton!
No target in view!
No target in view!
Your talons disappear.
Found 14 gold pieces.
Found a leather armour.
Found a stone staircase leading down.
You now have 124 gold pieces (gained 14).
An ogre comes into view. It is wielding a giant club.
The ogre shouts!
Found 17 gold pieces.
An ogre is nearby!
An ogre is nearby!
An ogre is nearby!
Your feet morph into talons.
You barely miss the ogre. Your kick misses the ogre.
The ogre hits you with a giant club!!
Ouch! That really hurt!
* * * LOW HITPOINT WARNING * * *
You hit the ogre. The ogre barely misses you.
You punch the ogre! You headbutt the ogre!
The ogre hits you with a giant club!!
You die...

#........##
#.......## .#
#..>###..# $##.
#### #..# .....
#####..# ....
###......### ...#
............###..#
.##########..#..#
##.@..# ###O...#
......# .......
....... .......
....... .......


You could see an ogre.

Vanquished Creatures
  Jessica (D:2)
  2 worker ants (D:4)
  A howler monkey skeleton (D:4)
  An adder (D:4)
  A worm (D:2)
  A dart slug (D:2)
  2 leopard geckos
  3 bats
  2 giant cockroaches
  7 goblins
  2 hobgoblins
  2 frilled lizards (D:2)
  6 kobolds
  3 rats
34 creatures vanquished.

Notes
Turn   | Place    | Note
-------+----------+-------------------------------------------
     0 | D:1      | MalarOregon the Minotaur Transmuter began the quest for the
                  | Orb.
     0 | D:1      | Reached XP level 1. HP: 16/16 MP: 1/1
   306 | D:1      | Reached XP level 2. HP: 20/23 MP: 3/3
   569 | D:2      | Found Zin's Purification Station.
   574 | D:2      | Found a glowing silver altar of Zin.
   600 | D:2      | Found a transporter.
   600 | D:2      | Found a transporter.
   631 | D:2      | Found a blossoming altar of Fedhas.
   648 | D:2      | Reached skill level 1 in Armour
   750 | D:2      | Found a hide-covered altar of Uskayaw.
   820 | D:2      | Noticed Jessica
   827 | D:2      | Killed Jessica
   827 | D:2      | Reached XP level 3. HP: 28/29 MP: 2/4
  1164 | D:2      | You fall through a shaft for 2 floors!
  1194 | D:4      | Found a staircase to the Ecumenical Temple.
  1202 | D:4      | Found a shadowy altar of Dithmenos.
  1212 | Temple   | Entered the Ecumenical Temple
  1611 | Temple   | Became a worshipper of Elyvilon the Healer
  1667 | D:4      | Reached skill level 4 in Unarmed Combat
  1667 | D:4      | Reached XP level 4. HP: 23/36 MP: 3/5
  1941 | D:4      | Learned a level 2 spell: Sticks to Snakes
  1945 | D:4      | Learned a level 3 spell: Spider Form
  2064 | D:4      | Noticed an ogre
  2068 | D:4      | Slain by an ogre

Skill      XL: |  1  2  3 |
---------------+----------+-----
Armour         | 1 |  1.9
Fighting       | 2 |  2.3
Unarmed Combat | 4 |  4.2
Transmutations | 2 |  2.1
Dodging        | |  2.9
Spellcasting   | |  1.9

Action                   |  1- 3 |  4- 6 || total
-------------------------+-------+-------++-------
Melee: Unarmed           |    87 |    18 ||   105
       Headbutt          |    10 |     4 ||    14
       Kick              |     4 |     3 ||     7
       Punch             |     1 |       ||     1
 Cast: Beastly Appendage |    10 |     3 ||    13
  Eat: Chunk             |     1 |     3 ||     4
Armor: Robe              |    21 |     5 ||    26
Dodge: Dodged            |    53 |     9 ||    62
